cohdb
Replays
Latest Replays
All Replays
Popular Replays
Top Player Replays
Match Explorer
How It Works
Community
CoH3 Stats
Reddit
Sign in to upload your games and track your stats! →
Sign in with Steam
Match 41650003
Unlisted
Match 41650003
Overview
Messages
Build Orders
End
Selects Panzerjäger Kommand Battlegroup
Selects Blockade Equipment
Panzerpioneer Squad
Panzerpioneer Squad
Kradschützen Motorcycle Team
Construct Light Support Kompanie
Selects Tank Busters
MG34 Team
Fire Support Elements
Combat Half-tracks
Pak 38 Mechanized Group
2.5-tonne Medical Truck
Pak 38 Anti-tank Gun Team
MG34 Team
Selects Early Warning
Flakvierling Half-track
Early Warning
le.IG 18 Mechanized Group
Early Warning
MG34 Team
Selects Butterfly Bomb Drop
Tungsten Core Ammunition
Early Warning
Construct Panzerarmee Kommand
Butterfly Bomb Drop
MG34 Team
Selects Crew Shock Tactics
Emergency Repair Kits
Advanced Optics
Armored Reserves
Early Warning
Butterfly Bomb Drop
Tiger Heavy Tank
Crew Shock Tactics
Early Warning
Crew Shock Tactics
Rapid Advance
Early Warning
Deniz1337GG
TidaL
温镜
CPU - Expert
CPU - Expert
CPU - Expert
0
0
Comments
sign in to comment!
No comments posted yet!